 Dungeon Crawl Stone Soup version 0.18.1-8-gdd0e5ea (webtiles) character file.

3401 protoss039 the Cleaver (level 9, -13/118 HPs)
             Began as a Minotaur Fighter on June 11, 2016.
             Was an Elder of Okawaru.
             Mangled by an orc knight
             ... wielding a +0 broad axe
              (19 damage)
             ... in a bailey.
             The game lasted 00:14:44 (6305 turns).

protoss039 the Cleaver (Minotaur Fighter)           Turns: 6305, Time: 00:14:47

Health: -13/118    AC: 24    Str: 23 (24) XL:     9   Next: 75%
Magic:  8/8        EV:  2    Int:  9 (10) God:    Okawaru [****..]
Gold:   326        SH: 17    Dex:  9 (10) Spells: 0 memorised, 8 levels left

rFire  . . .     SeeInvis .     a - +1 war axe
rCold  . . .     Gourm    .     (armour currently unavailable)
rNeg   + + +     Faith    .     c - +0 shield
rPois  +         Spirit   .     (helmet currently unavailable)
rElec  .         Dismiss  .     (cloak currently unavailable)
rCorr  .         Reflect  +     (gloves currently unavailable)
SustAt .         Harm     .     (boots currently unavailable)
MR     +....     NoTele   +     l - +5 amulet of reflection
Stlth  +.........               q - ring of protection from magic
                                s - ring of poison resistance

@: brilliant, tree-form (expiring), somewhat resistant to hostile enchantments,
very unstealthy
A: (retaliatory headbutt), (horns 0)
a: Heroism, Renounce Religion


You were in a bailey.
You worshipped Okawaru.
Okawaru was greatly pleased with you.
You were very hungry.
You were a tree.
You visited 1 branch of the dungeon, and saw 7 of its levels.
You also visited: Bailey.

You collected 326 gold pieces.

Inventory:

Hand Weapons
 a - a +1 war axe (weapon)
Missiles
 p - 4 javelins (quivered)
Armour
 b - a +0 scale mail
 c - a +0 shield (worn)
 d - a +2 cloak (melded)
 r - a +0 pair of gloves (melded)
 y - a cursed +0 plate armour (melded)
Jewellery
 l - a +5 amulet of reflection (around neck)
 o - an uncursed ring of stealth
 q - a ring of protection from magic (right branch)
 s - a ring of poison resistance (left branch)
Wands
 w - a wand of iceblast (9/15)
Scrolls
 g - 2 scrolls of remove curse
 k - a scroll of enchant armour
 I - 2 scrolls of identify
Potions
 e - a potion of lignification
 i - 2 potions of mutation
 m - a potion of agility
 u - a potion of curing {unknown}
 x - a potion of ambrosia {unknown}
 E - 2 potions of degeneration
Books
 h - a book of Clouds

   Spells                             Type                      Level
   a - Mephitic Cloud                 Conjuration/Poison/Air       3
   b - Conjure Flame                  Conjuration/Fire             3
   c - Poisonous Cloud                Conjuration/Poison/Air       6
   d - Freezing Cloud                 Conjuration/Ice/Air          6
   e - Ring of Flames                 Charms/Fire                  7
Comestibles
 f - 7 bread rations
 j - 2 meat rations
 n - a beef jerky
 v - 26 chunks of flesh
 z - 4 fruits


   Skills:
 + Level 7.1 Fighting
 * Level 10.4 Axes
 + Level 7.7 Armour
 - Level 1.2 Dodging
 + Level 9.9 Shields


You had 8 spell levels left.
You didn't know any spells.

Dungeon Overview and Level Annotations

Branches:
Dungeon (7/15)             Temple (0/1) D:6

Altars:
Ashenzari
Fedhas
Gozag
Okawaru
Sif Muna

Shops:
D:4 :


Innate Abilities, Weirdness & Mutations

((You reflexively headbutt those who attack you in melee.))
((You have a pair of horns on your head.))


Message History

Okay, then.
Drink which item? (? for menu, Esc to quit)
It was a potion of cure mutation.
It has a very clean taste.
You feel stupid.
You feel stable. The orc warrior completely misses you.
Unknown command.
You hit the orc knight but do no damage.
The orc knight is almost dead.
You completely miss the orc warrior.
The orc warrior is lightly wounded.
Your transformation is almost over.
The orc knight hits you with a broad axe.
* * * LOW HITPOINT WARNING * * *
You hit the orc knight but do no damage.
The orc knight is almost dead.
You slash the orc warrior!
The orc warrior is heavily wounded.
You block the orc warrior's attack.
The orc knight hits you with a broad axe!!
You die...

#....)))#
##....)..##
#.....))..#
##.........## ##+
#.....⌠.....#
88.8
##.........##
..... #.........#
......##o......##
......)o♣......#
......)##.....##
..⌠.... #######
....... .......
......# !...?!
??∩!!#


You could see an orc knight and an orc warrior.

Vanquished Creatures
  The ghost of georgeearnest the Shield-Bearer, an amateur HOFi (D:4)
  Edmund (D:6)
  Menkaure (D:7)
  5 ice beasts
  3 orc warriors
  2 ogres
  3 phantoms
  3 centaurs
  Blork the orc (D:6)
  2 giant frogs
  A scorpion (D:7)
  8 killer bees
  4 howler monkeys
  A crimson imp (D:5)
  A giant frog zombie (D:6)
  3 hounds
  3 orc priests
  A jelly (D:6)
  5 orc wizards
  Ijyb (D:2)
  Jessica (D:2)
  3 worker ants
  A worker ant zombie (D:7)
  Robin (D:2)
  A howler monkey zombie (D:7)
  4 gnolls (Bailey)
  2 adders
  2 oozes
  An adder skeleton (D:5)
  A worm (D:3)
  3 dart slugs
  2 giant geckos
  23 orcs
  8 bats
  7 giant cockroaches
  29 goblins
  13 hobgoblins
  10 jackals
  A quokka (D:7)
  A giant newt (D:2)
  A jackal skeleton (D:5)
  8 kobolds
  10 rats
183 creatures vanquished.

Vanquished Creatures (others)
  A centaur (D:6)
1 creature vanquished.

Grand Total: 184 creatures vanquished

Notes
Turn   | Place    | Note
--------------------------------------------------------------
     0 | D:1      | protoss039 the Minotaur Fighter began the quest for the Orb.
     0 | D:1      | Reached XP level 1. HP: 19/19 MP: 0/0
   224 | D:1      | Reached XP level 2. HP: 22/27 MP: 1/1
   717 | D:1      | Reached XP level 3. HP: 33/33 MP: 2/2
   834 | D:2      | Reached skill level 3 in Axes
  1030 | D:2      | Found a shattered altar of Ashenzari.
  1039 | D:2      | Found a deep blue altar of Sif Muna.
  1047 | D:2      | Found a blossoming altar of Fedhas.
  1047 | D:2      | Found an opulent altar of Gozag.
  1105 | D:2      | Noticed Ijyb
  1113 | D:2      | Killed Ijyb
  1113 | D:2      | Reached XP level 4. HP: 41/41 MP: 3/3
  1193 | D:2      | Noticed Jessica
  1196 | D:2      | Killed Jessica
  1196 | D:2      | Reached skill level 1 in Dodging
  1345 | D:2      | Noticed Robin
  1354 | D:2      | Killed Robin
  1356 | D:2      | Reached skill level 4 in Axes
  1442 | D:2      | Found an iron altar of Okawaru.
  1451 | D:2      | Became a worshipper of Warmaster Okawaru
  1604 | D:2      | Reached XP level 5. HP: 47/47 MP: 4/4
  2651 | D:4      | Reached skill level 5 in Fighting
  2651 | D:4      | Reached skill level 5 in Axes
  2664 | D:4      | Reached XP level 6. HP: 53/56 MP: 5/5
  2670 | D:4      | Reached skill level 5 in Shields
  2806 | D:4      | Noticed georgeearnest's ghost (amateur HOFi)
  2819 | D:4      | Killed georgeearnest's ghost
  2819 | D:4      | Reached * piety under Okawaru
  2819 | D:4      | Reached skill level 6 in Axes
  2863 | D:4      | Found Cacs's Book Boutique.
  2907 | D:4      | Reached XP level 7. HP: 55/61 MP: 6/6
  2917 | D:3      | Gained mutation: Your mind is acute. (Int +2) [potion of mutation]
  2917 | D:3      | Gained mutation: You are occasionally teleported next to monsters. [potion of mutation]
  2925 | D:3      | Reached skill level 5 in Armour
  3537 | D:4      | Reached ** piety under Okawaru
  3620 | D:4      | Reached skill level 7 in Axes
  3688 | D:5      | Entered Level 5 of the Dungeon
  3849 | D:5      | Reached XP level 8. HP: 70/70 MP: 7/7
  4951 | D:6      | Found a staircase to the Ecumenical Temple.
  5035 | D:6      | Noticed Edmund
  5045 | D:6      | Reached skill level 8 in Axes
  5051 | D:6      | Killed Edmund
  5091 | D:6      | Reached *** piety under Okawaru
  5091 | D:6      | Reached XP level 9. HP: 37/78 MP: 8/8
  5405 | D:6      | Noticed Blork the orc
  5409 | D:6      | Killed Blork the orc
  5513 | D:6      | Reached skill level 9 in Axes
  5889 | D:7      | Noticed Menkaure
  5897 | D:7      | Killed Menkaure
  6099 | D:7      | Reached **** piety under Okawaru
  6099 | D:7      | Reached skill level 10 in Axes
  6144 | D:7      | Found a flagged portal.
  6150 | Bailey   | Entered a bailey
  6265 | Bailey   | Noticed an orc knight
  6303 | Bailey   | Lost mutation: Your mind is acute. (Int +2) [potion of cure mutation]
  6303 | Bailey   | Lost mutation: You are occasionally teleported next to monsters. [potion of cure mutation]
  6304 | Bailey   | HP: 5/118 [orc knight/broad axe (2)]
  6305 | Bailey   | Mangled by an orc knight

Skill      XL: |  1  2  3  4  5  6  7  8  9 |
---------------+----------------------------+-----
Armour         | 4 5 7 |  7.7
Fighting       | 4 5 6 7 |  7.1
Axes           | 3 4 5 6 7 8 10 | 10.4
Shields        | 4 5 6 8 9 |  9.9
Dodging        | 1 |  1.2

Action                   |  1- 3 |  4- 6 |  7- 9 || total
-------------------------+-------+-------+-------++-------
Melee: War axe           |    73 |   127 |   316 ||   516
       Headbutt          |     7 |    18 |    56 ||    81
Invok: Heroism           |       |       |     1 ||     1
  Use: Scroll            |     7 |     1 |     6 ||    14
       Potion            |       |     1 |     9 ||    10
  Eat: Chunk             |     1 |     6 |     8 ||    15
       Pizza             |       |       |     1 ||     1
Armor: Scale mail        |    45 |    27 |       ||    72
       Plate armour      |       |    37 |   129 ||   166
       Skin              |       |       |     3 ||     3
Dodge: Dodged            |    31 |    22 |    69 ||   122
Block: Shield            |    38 |   103 |   316 ||   457
       Reflection        |       |       |    10 ||    10
